 Dungeon Crawl Stone Soup version 0.18.1-47-g9310371 (webtiles) character file.

53 Peloso the Covered (level 3, 0/36 HPs)
             Began as a Minotaur Fighter on June 17, 2016.
             Succumbed to an adder's poison
             ... on level 2 of the Dungeon.
             The game lasted 00:01:32 (914 turns).

Peloso the Covered (Minotaur Fighter)                Turns: 914, Time: 00:01:33

Health: 0/36       AC:  7    Str: 20    XL:     3   Next: 64%
Magic:  2/2        EV: 12    Int:  5    God:
Gold:   73         SH: 10    Dex: 15    Spells: 0 memorised, 2 levels left

rFire  . . .     SeeInvis .     a - +0 long sword
rCold  . . .     Gourm    .     b - +0 scale mail
rNeg   . . .     Faith    .     c - +0 shield
rPois  +         Spirit   .     (helmet restricted)
rElec  .         Dismiss  .     (no cloak)
rCorr  .         Reflect  .     (no gloves)
SustAt .         Harm     .     (no boots)
MR     .....                    (no amulet)
Stlth  +.........               (no ring)
                                (no ring)

@: agile, lethally poisoned (0 -> -5), not resistant to hostile enchantments,
very unstealthy
A: retaliatory headbutt, horns 2, blurry vision 1, poison resistance, robust 1
a: no special abilities


You were on level 2 of the Dungeon.
You were not hungry.

You visited 1 branch of the dungeon, and saw 2 of its levels.

You collected 73 gold pieces.

Inventory:

Hand Weapons
 a - a +0 long sword (weapon)
Armour
 b - a +0 scale mail (worn)
 c - a +0 shield (worn)
Scrolls
 e - 4 scrolls of identify {unknown}
 l - a scroll of teleportation {unknown}
Potions
 d - a potion of might
 h - a potion of mutation
 k - a potion of ambrosia {unknown}
 m - a potion of curing {unknown}
Comestibles
 f - 2 bread rations
 i - a beef jerky
 j - a meat ration
 n - 4 chunks of flesh


   Skills:
 + Level 4.2 Fighting
 + Level 2.6 Long Blades
 + Level 4.3 Armour
 + Level 0.4 Dodging
 + Level 4.3 Shields


You had 2 spell levels left.
You didn't know any spells.

Dungeon Overview and Level Annotations

Branches:
Dungeon (2/15)

Altars:


Innate Abilities, Weirdness & Mutations

You reflexively headbutt those who attack you in melee.
You have a pair of horns on your head.
Scrolls take you a little longer to read.
Your system is resistant to poisons.
You are robust (+10% HP).


Message History

You feel sick.
You feel sick.
You see here a chunk of flesh.
The adder bites you.
* * * LOW HITPOINT WARNING * * *
You are lethally poisoned!
The adder poisons you!
* * * LOW HITPOINT WARNING * * *
You feel sick.
Drink which item? (? for menu, Esc to quit)
It was a potion of mutation.
You feel extremely strange.
You feel resistant to poisons.
Your vision blurs.
You feel robust. The adder bites you.
* * * LOW HITPOINT WARNING * * *
The adder bites you.
* * * LOW HITPOINT WARNING * * *
Drink which item? (? for menu, Esc to quit)
It was a potion of agility.
You feel agile all of a sudden.
You die...

#..†#......#
#..###.....# #
#...#...#### .
#.......# ### .##
#......## #.. .. #
###...## #.##.#.###
#...# #.#.......
#####.))#####.#.......
........))@Sgg.........
.......................
......................>
######...#######.......
#...# ....... #...#
###.### #...# .# .....
#


You could see an adder and 2 hobgoblins.

Vanquished Creatures
  Robin (D:2)
  A dart slug (D:1)
  5 giant geckos
  2 giant cockroaches (D:2)
  7 goblins
  5 hobgoblins
  3 jackals (D:1)
  3 kobolds
  A ball python (D:2)
  2 giant newts (D:1)
  A rat (D:1)
31 creatures vanquished.

Notes
Turn   | Place    | Note
--------------------------------------------------------------
     0 | D:1      | Peloso the Minotaur Fighter began the quest for the Orb.
     0 | D:1      | Reached XP level 1. HP: 19/19 MP: 0/0
   295 | D:1      | Reached XP level 2. HP: 24/27 MP: 1/1
   718 | D:2      | Noticed Robin
   736 | D:2      | Reached XP level 3. HP: 27/33 MP: 2/2
   795 | D:2      | Killed Robin
   913 | D:2      | Gained mutation: Your system is resistant to poisons. [potion of mutation]
   913 | D:2      | Gained mutation: Scrolls take you a little longer to read. [potion of mutation]
   913 | D:2      | Gained mutation: You are robust (+10% HP). [potion of mutation]
   913 | D:2      | HP: 1/36 [adder (3)]
   914 | D:2      | Succumbed to an adder's poison

Skill      XL: |  1  2  3 |
---------------+----------+-----
Fighting       | 4 |  4.2
Armour         | 4 |  4.3
Shields        | 4 |  4.3
Long Blades    | |  2.6
Dodging        | |  0.4

Action                   || total
-------------------------++-------
Melee: Long sword        ||    66
       Headbutt          ||     7
  Use: Potion            ||     2
Armor: Scale mail        ||    35
Dodge: Dodged            ||    29
Block: Shield            ||    60
